 Dungeon Crawl Stone Soup version 0.25-a0-578-gc91f01c39c (webtiles) character file.

Game seed: 3610328889437701223, levelgen mode: deterministic

7 Eurus the Conjurer (level 1, -2/14 HPs)
             Began as a Mummy Conjurer on Mar 3, 2020.
             Slain by a goblin
             ... wielding a +0 dagger
              (3 damage)
             ... on level 1 of the Dungeon.
             The game lasted 00:00:41 (223 turns).

Eurus the Conjurer (Mummy Conjurer)                  Turns: 223, Time: 00:00:42

Health: -2/14      AC:  2    Str: 11    XL:     1   Next: 91%
Magic:  1/4        EV: 12    Int: 14    God:
Gold:   0          SH:  0    Dex: 12    Spells: 4/5 levels left

rFire    x . .     SeeInvis .   b - +0 club
rCold    + . .     Gourm    .   (no shield)
rNeg     + + +     Faith    .   a - +0 robe
rPois    ∞         Spirit   .   (no helmet)
rElec    .         Reflect  .   (no cloak)
rCorr    .         Harm     .   (no gloves)
MR       .....                  (no boots)
Stlth    ++........             (no amulet)
HPRegen  0.04/turn              (no ring)
MPRegen  0.09/turn              (no ring)

@: no status effects
A: no food or potions, fire vulnerability, cold resistance 1, negative energy
resistance 3, torment resistance, unbreathing
a: no special abilities


You were on level 1 of the Dungeon.
You were not hungry.

You visited 1 branch of the dungeon, and saw 1 of its levels.

Inventory:

Hand Weapons
 b - a +0 club (weapon)
Armour
 a - a +0 robe (worn)


   Skills:
 + Level 0.5 Fighting
 - Level 1.5 Dodging
 - Level 1.5 Stealth
 + Level 2.9 Spellcasting
 * Level 3.4 Conjurations


You had 4 spell levels left.
You knew the following spells:

 Your Spells              Type           Power        Failure   Level  Hunger
a - Magic Dart            Conj           ##..         5%          1    N/A

Your spell library contained the following spells:

 Spells                   Type           Power        Failure   Level  Hunger
 Searing Ray              Conj           ##....       8%          2    N/A
 Dazzling Flash           Conj/Hex       #.....       32%         3    N/A
 Fulminant Prism          Conj/Hex       #.........   71%         4    N/A
 Iskenderun's Mystic Bla  Conj/Tloc      #.......     71%         4    N/A

Dungeon Overview and Level Annotations

Branches:
Dungeon (1/15)

Altars:


Innate Abilities, Weirdness & Mutations

You do not eat or drink.
Your flesh is vulnerable to fire.
You are immune to poison.
Your flesh is cold resistant. (rC+)
You are immune to negative energy. (rN+++)
You are immune to unholy pain and torment.
You can survive without breathing.


Message History

You barely miss the goblin. The goblin hits you with a +0 dagger.
* * * LOW HITPOINT WARNING * * *
Casting: Magic Dart (safe; 5% risk of failure)
Confirm with . or Enter, or press ? or * to list all spells.
Aiming: Magic Dart (safe; 5% risk of failure)
Press: ? - help, Shift-Dir - straight line, f - goblin
Aim: a goblin, wielding a +0 dagger The magic dart hits the goblin.
The goblin is moderately wounded.
The goblin hits you with a +0 dagger.
* * * LOW HITPOINT WARNING * * *
Casting: Magic Dart (safe; 5% risk of failure)
Confirm with . or Enter, or press ? or * to list all spells.
Aiming: Magic Dart (safe; 5% risk of failure)
Press: ? - help, Shift-Dir - straight line, f/p - goblin
Aim: a goblin, wielding a +0 dagger (moderately wounded)
The magic dart hits the goblin.
The goblin is severely wounded.
The goblin hits you with a +0 dagger.
You die...

............+....+
.......####.+....+
.......# #.+.<..+
.......# #.+....+
...!...# #.++++++#
.......# #.......+
.......# #.###..##
......... #.#
##.#####...
.........##.#
#@......#
###......##.#
#g######## ..#
#......... .##
#.#######. ! #.#
#.# #.. #..# #..#


You could see a goblin.

Vanquished Creatures
  A dart slug (D:1)
  A goblin (D:1)
  2 hobgoblins (D:1)
  A rat (D:1)
5 creatures vanquished.

Notes
Turn   | Place    | Note
-------+----------+-------------------------------------------
     0 | D:1      | Eurus the Mummy Conjurer began the quest for the Orb.
     0 | D:1      | Reached XP level 1. HP: 13/13 MP: 4/4
   223 | D:1      | Slain by a goblin

Levels and vault maps discovered:
D:1:      lightli_arrival_maybe_door_vault, layout_basic,
          corexii_leaking_fountain, st_stairs_13, hangedman_feature_mirror

Action                   || total
-------------------------++-------
Melee: Club              ||    11
       Unarmed           ||     1
 Cast: Magic Dart        ||    13
Armor: Robe              ||     4
Dodge: Dodged            ||     5

Table legend:
 A = Non-vault XP
 B = Vault XP
 C = Vault XP percentage of total XP
 D = Non-vault monster count
 E = Vault monster count
 F = Vault count percentage of total count
                 A         B        C        D         E       F
            +---------+---------+-------+---------+---------+-------
      Total |      10 |       1 |   9.1 |       4 |       1 |  20.0
            +---------+---------+-------+---------+---------+-------
        D:1 |      10 |       1 |   9.1 |       4 |       1 |  20.0
            +---------+---------+-------+---------+---------+-------
